 Dungeon Crawl Stone Soup version 0.30-a0-737-gf23d94013f (webtiles) character file.

Game seed: 15749769610054645775

66 jimonade the Magician (level 4, 0/31 HPs)
             Began as a Djinni Hedge Wizard on Feb 3, 2023.
             Slain by a worm (9 damage)
             ... on level 2 of the Dungeon.
             The game lasted 00:03:07 (1402 turns).

jimonade the Magician (Djinni Hedge Wizard)         Turns: 1402, Time: 00:03:07

Health: 0/31       AC:  2    Str: 11    XL:     4   Next: 37%
Gold:   49         EV: 12    Int: 16    God:
                   SH:  0    Dex: 12

rFire   + + .      SeeInvis +    a - +4 dagger
rCold   x . .      Faith    .    (no shield)
rNeg    . . .      Spirit   .    b - +0 robe
rPois   ∞          Reflect  .    c - +0 hat
rElec   .          Harm     .    (no cloak)
rCorr   .          Rampage  .    (no gloves)
Will    +....                    (boots unavailable)
Stlth   ++                       (no amulet)
HPRegen 0.25/turn                f - ring of willpower
MPRegen 0.00/turn                h - ring of see invisible

@: flying, very slightly contaminated
A: sickness immunity, fire resistance 2, cold vulnerability 1, float, innate
caster, HP casting, extra vitality 1
a: no special abilities


You were on level 2 of the Dungeon.
You visited 1 branch of the dungeon, and saw 2 of its levels.

You collected 49 gold pieces.

Inventory:

Hand Weapons
 a - a +4 dagger (weapon)
 m - a +0 dagger
 p - a +0 rapier
Missiles
 n - 15 stones
Armour
 b - a +0 robe (worn)
 c - a +0 hat (worn)
 o - a +0 ring mail
Jewellery
 f - a ring of willpower (left hand)
 h - a ring of see invisible (right hand)
Scrolls
 e - 2 scrolls of poison {unknown}
 g - a scroll of vulnerability {unknown}
 j - 4 scrolls of identify {unknown}
 k - 6 scrolls of teleportation {unknown}
 l - a scroll of noise {unknown}
 q - 2 scrolls of brand weapon {unknown}
 r - a scroll of fear {unknown}
 s - a scroll of immolation {unknown}
Potions
 d - 4 potions of magic
 i - 4 potions of heal wounds {unknown}
 t - a potion of flight {unknown}


   Skills:
 + Level 0.2 Short Blades
 + Level 2.3 Dodging
 - Level 1.5 Stealth
 * Level 3.7 Spellcasting


You couldn't memorise any spells.
You knew the following spells:

 Your Spells              Type           Power      Damage    Failure   Level
a - Magic Dart            Conj           56%        1d5       3%          1
b - Slow                  Hex            56%        N/A       3%          1
c - Blink                 Tloc           28%        N/A       5%          2
d - Call Imp              Summ           14%        N/A       5%          2
e - Mephitic Cloud        Conj/Pois/Air  14%        N/A       11%         3
f - Apportation           Tloc           28%        N/A       3%          1
Your spell library was empty.

Dungeon Overview and Level Annotations

Branches:
Dungeon (2/15)

Altars:


Innate Abilities, Weirdness & Mutations

You are immune to sickness and miasma.
You are immune to poison.
Your flesh is very heat resistant. (rF++)
You are vulnerable to cold. (rC-)
You float through the air rather than walking.
You learn spells naturally, not from books.
Your magical power is your life essence.
You have superior vitality. (+4 MHP)


Message History

The worm completely misses you.
The magic dart hits the worm but does no damage.
You are too injured to fight recklessly!
You are too injured to fight recklessly!
Aiming: Magic Dart (safe; 3% risk of failure)
Press: ? - help, Q - select action, (/) - cycle Shift-Dir - straight line, f/p - worm
Aim: a worm (100% to hit)
You miscast Magic Dart.
Nothing appears to happen.
The worm bites you.
Aiming: Magic Dart (safe; 3% risk of failure)
Press: ? - help, Q - select action, (/) - cycle Shift-Dir - straight line, f/p - worm
Aim: a worm (100% to hit)
The magic dart hits the worm.
The worm is lightly wounded.
Aiming: Magic Dart (safe; 3% risk of failure)
Press: ? - help, Q - select action, (/) - cycle Shift-Dir - straight line, f/p - worm
Aim: a worm (lightly wounded, 100% to hit)
The magic dart hits the worm.
The worm is lightly wounded.
The worm misses you.
Aiming: Magic Dart (safe; 3% risk of failure)
Press: ? - help, Q - select action, (/) - cycle Shift-Dir - straight line, f/p - worm
Aim: a worm (lightly wounded, 100% to hit)
The magic dart hits the worm.
The worm is moderately wounded.
The worm bites you.
Aiming: Magic Dart (safe; 3% risk of failure)
Press: ? - help, Q - select action, (/) - cycle Shift-Dir - straight line, f/p - worm
Aim: a worm (lightly wounded, 100% to hit)
The magic dart hits the worm.
The worm is moderately wounded.
* * * LOW HITPOINT WARNING * * *
Aiming: Magic Dart (safe; 3% risk of failure)
Press: ? - help, Q - select action, (/) - cycle Shift-Dir - straight line, f/p - worm
Aim: a worm (moderately wounded, 100% to hit)
The magic dart hits the worm.
The worm is moderately wounded.
* * * LOW HITPOINT WARNING * * *
The worm bites you!
You die...

...........
...#####.# .....
.#.......#### #...
.#..........# #...
.#.##.......# #..
...o#.......###.#
............÷.#.#
####...........)###
#.........#..@.#
##........####w.#
#........# #.#
#........# .!.
#.........# !..
..#######.# .....
#.##.......# ....
###.##.......# ....
.............#


You could see a worm.

Vanquished Creatures
  An orc wizard (D:2)
  4 orcs
  4 ball pythons
  4 endoplasms
  3 giant cockroaches (D:2)
  6 hobgoblins
  2 kobolds (D:1)
  2 quokkas
  4 bats
  A frilled lizard (D:1)
  A goblin (D:1)
  2 rats
34 creatures vanquished.

Notes
Turn   | Place    | Note
-------+----------+-------------------------------------------
     0 | D:1      | jimonade the Djinni Hedge Wizard began the quest for the
                  | Orb.
     0 | D:1      | jimonade set off with the following spells memorised: Magic
                  | Dart, Slow, Blink, Call Imp, Mephitic Cloud.
     0 | D:1      | Reached XP level 1. HP: 15/15 MP: 0/0
   150 | D:1      | Reached XP level 2. HP: 17/21 MP: 0/0
   338 | D:1      | Reached skill level 3 in Spellcasting
   551 | D:1      | Reached XP level 3. HP: 23/25 MP: 0/0
   551 | D:1      | Learned a level 1 spell: Apportation
  1395 | D:2      | Reached XP level 4. HP: 17/31 MP: 0/0
  1402 | D:2      | Slain by a worm

Illustrated notes

Levels and vault maps discovered:
D:1:      psy_arrival_fountain, layout_basic
D:2:      layout_rooms, basic_altar, minivault_25, kennysheep_another_room

Skill      XL: |  1  2 |
---------------+-------+-----
Spellcasting   | 3 |  3.7
Short Blades   | |  0.2
Dodging        | |  2.3
Stealth        | |  1.5

Action                     |  1- 3 |  4- 6 || total
---------------------------+-------+-------++-------
  Melee: Dagger            |    18 |       ||    18
   Cast: Magic Dart        |    70 |     7 ||    77
         Mephitic Cloud    |     1 |       ||     1
 Armour: Robe              |     8 |       ||     8
  Dodge: Dodged            |    21 |     2 ||    23

Table legend: (Time is in decaauts)
 A = Elapsed time spent in this place.
 B = Non-inter-level travel time spent in this place.
 C = Inter-level travel time spent in this place.
 D = Time resting spent in this place.
 E = Time spent auto-exploring this place.
 F = Levels seen in this place.
 G = Mean time per level.
                   A        B        C        D        E       F      G
               +--------+--------+--------+--------+--------+-----+--------+
         Total |   1402 |   1367 |     35 |    265 |    839 |   2 |  701.0 |
       Dungeon |   1402 |   1367 |     35 |    265 |    839 |   2 |  701.0 |
               +--------+--------+--------+--------+--------+-----+--------+

Top non-repeatable levels by time:
     D:1: 1060 daAuts
     D:2: 341 daAuts
